Map: Jagannatha LE

Players

HellraiseR - Winner!

  • Race: Protoss Protoss
  • League: Grandmaster

ArT

  • Race: Protoss Protoss

Event: DreamHack SC2 Masters 2021 Summer

VOD

Have the link to the VOD?

Description

Time

  • Played on: May 20, 2021, 11:19 a.m.
  • Length: 4:02

All games in this series

Show
View Real Time Build Order
Export as new Build Order

HellraiseR Protoss - Winner!

Build Orders:  

Get SALT Encoding   

  12  0:00  Probe (Chrono Boost)  
  13  0:10  Probe (Chrono Boost)  
  14  0:15  Probe (Chrono Boost)  
  15  0:21  Pylon  
  15  0:39  Forge, Probe  
  16  0:52  Probe  
  17  0:59  Pylon  
  17  1:04  Probe  
  18  1:16  Probe  
  19  1:18  Photon Cannon  
  19  1:21  Pylon  
  19  1:31  Photon Cannon  
  19  1:37  Gateway  
  19  1:39  Probe  
  20  1:51  Probe  
  21  2:03  Pylon  
  21  2:10  Probe  
  21  2:12  Assimilator  
  21  2:14  Assimilator  
  22  2:22  Photon Cannon  
  22  2:30  Photon Cannon  
  22  2:32  Probe  
  23  2:40  Cybernetics Core  
  23  2:44  Probe  
  25  3:04  Photon Cannon  
  25  3:05  Photon Cannon  
  25  3:08  Photon Cannon  
  24  3:18  Photon Cannon  
  24  3:22  Adept (Chrono Boost)  
  26  3:34  Stargate  
  26  3:39  Probe  
  29  4:00  Pylon  
Show
View Real Time Build Order
Export as new Build Order

ArT Protoss 

Build Orders:  

Get SALT Encoding   

  12  0:00  Probe  
  13  0:12  Probe  
  14  0:18  Pylon  
  14  0:25  Probe (Chrono Boost)  
  15  0:37  Probe (Chrono Boost)  
  15  0:38  Gateway  
  16  0:45  Probe (Chrono Boost)  
  16  0:47  Assimilator  
  17  0:51  Probe  
  17  0:57  Assimilator  
  18  1:03  Probe (Chrono Boost)  
  19  1:12  Gateway  
  19  1:31  Probe  
  20  1:33  Pylon  
  20  1:38  Cybernetics Core  
  20  1:49  Zealot (Chrono Boost)  
  19  2:02  Pylon  
  19  2:12  Stalker (Chrono Boost)  
  21  2:23  Warp Gate (Chrono Boost)  
  19  2:41  Gateway  
  21  2:52  Shield Battery  
  21  2:54  Shield Battery  
  19  2:59  Pylon  
  19  3:02  Shield Battery  
  19  3:11  Gateway  
  19  3:16  Pylon  
  19  3:28  Robotics Facility  
  19  3:36  Probe  
  18  3:49  Probe  
  18  3:54  Gateway  
Tags
 
Add a new tag
Caveats
  • Supply blocks, unpowered buildings, or Contaminate may cause inaccurate times.
  • Supply counts are checked every 10 seconds.